 Dungeon Crawl Stone Soup version 0.19.0-20-gbc5f0c6 (webtiles) character file.

2846 Jarno the Basher (level 9, -2/98 HPs)
             Began as an Ogre Berserker on Nov 16, 2016.
             Was an Elder of Trog.
             Slain by a wolf (5 damage)
             ... led by Grum
             ... on level 8 of the Dungeon.
             The game lasted 00:14:57 (7004 turns).

Jarno the Basher (Ogre Berserker)                   Turns: 7004, Time: 00:14:58

Health: -2/98      AC:  7    Str: 24    XL:     9   Next: 74%
Magic:  9/9        EV: 18    Int:  8    God:    Trog [****..]
Gold:   458        SH:  0    Dex: 17    Spells: 0 memorised, 8 levels left

rFire  + . .     SeeInvis .     m - +0 giant spiked club
rCold  + + .     Gourm    .     E - +2 robe {rF+}
rNeg   . . .     Faith    .     (shield currently unavailable)
rPois  .         Spirit   .     (helmet restricted)
rElec  .         Reflect  .     (no cloak)
rCorr  .         Harm     .     (gloves unavailable)
MR     .....                    (boots unavailable)
Stlth  ++++......               (no amulet)
                                x - ring of stealth
                                h - ring of protection from cold

@: agile, exhausted, drained
A: unfitting armour, iridescent scales 1, clever 1, cold resistance 1, tough
skin 1
a: Berserk, Trog's Hand, Brothers in Arms, Burn Spellbooks, Renounce Religion


You were on level 8 of the Dungeon.
You worshipped Trog.
Trog was greatly pleased with you.
You were near starving.

You visited 1 branch of the dungeon, and saw 8 of its levels.

You collected 458 gold pieces.

Inventory:

Hand Weapons
 a - a +0 mace
 m - a +0 giant spiked club (weapon)
 q - a +0 flail
Missiles
 k - 19 tomahawks (quivered)
Armour
 b - a +0 animal skin
 E - a +2 robe of fire resistance (worn)
Jewellery
 h - a ring of protection from cold (left hand)
 o - an uncursed ring of magical power
 p - an uncursed ring of fire
 x - a ring of stealth (right hand)
 M - an uncursed ring of protection from cold
Wands
 y - a wand of confusion (12/48)
 C - a wand of lightning (11/15)
 N - a wand of lightning (9/15)
 Q - a wand of digging (6/24)
Scrolls
 i - a scroll of magic mapping {unknown}
 l - 3 scrolls of remove curse
 n - a scroll of amnesia {unknown}
 r - a scroll of recharging {unknown}
 v - a scroll of enchant armour
 F - a scroll of teleportation {unknown}
 G - a scroll of immolation {unknown}
 H - a scroll of enchant weapon {unknown}
 I - a scroll of blinking {unknown}
 K - a scroll of fog {unknown}
 L - a scroll of torment {unknown}
Potions
 f - a potion of brilliance {unknown}
 j - a potion of cancellation
 s - a potion of magic {unknown}
 t - 2 potions of mutation
 u - 4 potions of flight
 w - 2 potions of agility
 A - 2 potions of curing {unknown}
 D - a potion of haste {unknown}
 P - 2 potions of invisibility {unknown}
Comestibles
 c - 7 bread rations
 z - 4 meat rations
 B - 5 fruits


   Skills:
 + Level 9.0(8.8) Fighting
 + Level 13.2(13.0) Maces & Flails
 + Level 1.8(1.6) Throwing
 + Level 5.4(5.2) Dodging


You had 8 spell levels left.
You didn't know any spells.

Dungeon Overview and Level Annotations

Branches:
Dungeon (8/15)             Temple (0/1) D:6            Lair (0/6) D:8

Altars:
Ashenzari
Cheibriados
Dithmenos
Fedhas
Gozag
Kikubaaqudgha
Makhleb
Nemelex Xobeh
Qazlal
Trog
Xom
The Shining One

Shops:
D:5 (

Annotations:
D:8 Grum


Innate Abilities, Weirdness & Mutations

You are too large for most types of armour.
You have tough skin. (AC +1)
You are partially covered in iridescent scales. (AC +2)
Your mind is acute. (Int +2)
Your flesh is cold resistant. (rC+)


Message History

* * * LOW HITPOINT WARNING * * *
As you read the scroll labeled YNEZAA CEONAPPUOD, it crumbles to dust.
You experience a momentary feeling of inescapable doom!
It was a scroll of random uselessness.
The wolf bites you.
* * * LOW HITPOINT WARNING * * *
The wolf bites you but does no damage. The wolf misses you.
It was a potion of agility.
You feel agile all of a sudden. The wolf bites you.
* * * LOW HITPOINT WARNING * * *
The wolf bites you.
* * * LOW HITPOINT WARNING * * *
Grum lets out an intimidating howl.
It was a potion of mutation.
You feel extremely strange.
You feel clever.
You feel resistant to cold.
Iridescent scales grow over part of your body.
You feel yourself speed up.
The wolf bites you but does no damage. x2; The wolf bites the plant.
The wolf bites you.
You die...

#..P..P.PP.P.PPPP...........
#....P.PP.PPP.PPPPPP..#.....
#÷PP..PPPPPPP.....P.P.#.....
#P..P...PP.>PPP.PPP...#.....
#...PPP.P..PPP.PPPP...#....[
#...PPP.P..PP.P.PPP†.P......
#....PPP.PP.P.PP.P)....#####
###.P.PPP.PP..PPP..P...#
#.PhhP..P@..PP÷.....##
#########.h.gPPhPPPP.P.....#
.........!...............###
##########.....P.P.[...###
###.........### ###########


You could see Grum and 4 wolves.

Vanquished Creatures
  The ghost of markt42 the Cleaver, a novice HOFi (D:7)
  A hungry ghost (D:7)
  A sky beast (D:7)
  An orc warrior (D:7)
  4 ice beasts
  3 phantoms
  An ogre (D:7)
  A centaur (D:6)
  2 bullfrogs
  A water moccasin skeleton (D:5)
  A howler monkey (D:8)
  4 wights (D:8)
  2 crimson imps
  2 hounds (D:8)
  An iron imp (D:5)
  5 orc wizards
  A bullfrog zombie (D:8)
  2 centaur zombies
  A bullfrog skeleton (D:6)
  An iguana (D:7)
  Ijyb (D:3)
  3 worker ants
  A worker ant zombie (D:6)
  6 adders
  A shadow imp (D:6)
  2 oozes
  2 adder skeletons
  2 adder zombies
  4 worms
  2 dart slugs (D:1)
  2 leopard geckos (D:1)
  23 orcs
  3 giant cockroaches
  4 hobgoblins (D:1)
  25 jackals
  9 kobolds
  7 quokkas
  A ball python (D:1)
  8 bats
  5 frilled lizards
  5 goblins
  3 hobgoblin zombies (D:5)
  A jackal zombie (D:5)
  A leopard gecko skeleton (D:5)
  An orc skeleton (D:5)
  11 rats
  A plant (D:8)
170 creatures vanquished.

Vanquished Creatures (others)
  A fungus (D:8)
1 creature vanquished.

Grand Total: 171 creatures vanquished

Notes
Turn   | Place    | Note
-------+----------+-------------------------------------------
     0 | D:1      | Jarno the Ogre Berserker began the quest for the Orb.
     0 | D:1      | Reached XP level 1. HP: 24/24 MP: 1/1
   389 | D:1      | Reached XP level 2. HP: 29/32 MP: 2/2
   749 | D:1      | Reached XP level 3. HP: 31/40 MP: 3/3
  1078 | D:2      | You fall through a shaft!
  1084 | D:3      | Reached ** piety under Trog
  1545 | D:2      | Reached skill level 5 in Maces & Flails
  1773 | D:2      | Found a shimmering altar of Xom.
  1773 | D:2      | Found a shimmering altar of Xom.
  1775 | D:2      | Found a shimmering altar of Xom.
  1784 | D:2      | Found a shimmering altar of Xom.
  1789 | D:2      | You fall through a shaft!
  1803 | D:2      | Reached XP level 4. HP: 48/49 MP: 4/4
  2041 | D:3      | Noticed Ijyb
  2062 | D:3      | Killed Ijyb
  2062 | D:3      | Reached skill level 5 in Fighting
  2074 | D:3      | Reached skill level 6 in Maces & Flails
  2340 | D:3      | Reached *** piety under Trog
  2375 | D:4      | Noticed a phantom
  2390 | D:4      | Reached XP level 5. HP: 57/57 MP: 5/5
  2417 | D:4      | Killed a phantom
  2652 | D:4      | Reached skill level 7 in Maces & Flails
  2661 | D:4      | Found an ancient bone altar of Kikubaaqudgha.
  2894 | D:4      | Reached XP level 6. HP: 60/66 MP: 6/6
  2931 | D:4      | Noticed a phantom
  2940 | D:4      | Killed a phantom
  2972 | D:4      | Noticed an ice beast
  2989 | D:4      | Killed an ice beast
  2989 | D:4      | Reached skill level 8 in Maces & Flails
  2989 | D:4      | Reached skill level 1 in Throwing
  3140 | D:4      | Reached XP level 7. HP: 54/74 MP: 7/7
  3669 | D:5      | Entered Level 5 of the Dungeon
  3669 | D:5      | Found Tezxiss's Weapon Boutique.
  4132 | D:5      | Reached skill level 9 in Maces & Flails
  4162 | D:5      | Found a glowing golden altar of the Shining One.
  4219 | D:5      | Noticed a troll
  4709 | D:6      | Reached XP level 8. HP: 82/84 MP: 8/8
  4885 | D:6      | Reached skill level 10 in Maces & Flails
  4898 | D:6      | Reached **** piety under Trog
  5012 | D:6      | Found a staircase to the Ecumenical Temple.
  5235 | D:6      | Found a bloodstained altar of Trog.
  5360 | D:7      | Found a burning altar of Makhleb.
  5361 | D:7      | Found a sparkling altar of Nemelex Xobeh.
  5361 | D:7      | Found a blossoming altar of Fedhas.
  5361 | D:7      | Found a snail-covered altar of Cheibriados.
  5363 | D:7      | Found an opulent altar of Gozag.
  5423 | D:7      | Found a shadowy altar of Dithmenos.
  5435 | D:7      | Reached skill level 11 in Maces & Flails
  5483 | D:7      | Reached skill level 5 in Dodging
  5698 | D:7      | Found a shattered altar of Ashenzari.
  5867 | D:7      | Noticed markt42's ghost (novice HOFi)
  5882 | D:7      | Killed markt42's ghost
  5882 | D:7      | Reached skill level 12 in Maces & Flails
  5882 | D:7      | Reached XP level 9. HP: 89/97 MP: 9/9
  6231 | D:8      | Found a stormy altar of Qazlal.
  6254 | D:8      | Noticed Joseph
  6474 | D:8      | Reached skill level 13 in Maces & Flails
  6649 | D:8      | Found a staircase to the Lair.
  6960 | D:8      | Noticed Grum
  7003 | D:8      | HP: 3/98 [wolf[Grum] (4)]
  7004 | D:8      | Gained mutation: Your mind is acute. (Int +2) [potion of mutation]
  7004 | D:8      | Gained mutation: Your flesh is cold resistant. (rC+) [potion of mutation]
  7004 | D:8      | Gained mutation: You are partially covered in iridescent scales. (AC +2) [potion of mutation]
  7004 | D:8      | Slain by a wolf

Skill      XL: |  1  2  3  4  5  6  7  8  9 |
---------------+----------------------------+-----
Maces & Flails | 5 6 7 8 9 12 13 | 13.2
Dodging        | 3 4 5 |  5.4
Fighting       | 5 6 8 9 |  9.0
Throwing       | 1 |  1.8

Action                   |  1- 3 |  4- 6 |  7- 9 || total
-------------------------+-------+-------+-------++-------
Melee: Mace              |   125 |    83 |       ||   208
       Flail             |       |    48 |   225 ||   273
       Giant spiked club |       |       |   155 ||   155
Throw: Tomahawk          |       |     5 |     4 ||     9
Invok: Berserk           |       |     3 |     5 ||     8
  Use: Scroll            |       |       |    10 ||    10
       Potion            |       |       |     4 ||     4
 Stab: Sleeping          |     1 |       |     4 ||     5
  Eat: Chunk             |     3 |     2 |    17 ||    22
       Meat ration       |       |     1 |       ||     1
Armor: Animal skin       |    24 |    32 |    29 ||    85
       Robe              |       |       |    85 ||    85
Dodge: Dodged            |    71 |    62 |   263 ||   396
